 Dungeon Crawl Stone Soup version 0.31-a0-364-gb59cdcccf2 (webtiles) character file.

Game seed: 9758577324610798021

3381 dohliylev the Cleaver (level 9, 0/85 HPs)
             Began as a Minotaur Berserker on July 27, 2023.
             Was a High Priest of Trog.
             Slain by a killer bee (1 damage)
             ... on level 8 of the Dungeon.
             The game lasted 00:14:13 (7210 turns).

dohliylev the Cleaver (Minotaur Berserker)          Turns: 7210, Time: 00:14:14

Health: 0/85       AC:  4    Str: 26    XL:     9   Next: 74%
Magic:  8/8        EV: 18    Int:  4    God:    Trog [*****.]
Gold:   600        SH:  0    Dex: 10    Spells: 8/8 levels left

rFire   + . .        t - +0 battleaxe
rCold   x . .        (shield currently unavailable)
rNeg    . . .        C - +1 leather armour "Larrihe" {Rampage}
rPois   .            (helmet restricted)
rElec   .            (no cloak)
rCorr   .            (no gloves)
SInv    .            (no boots)
Will    ++...        h - amulet of magic regeneration
Stlth   +            m - +5 ring of evasion
HPRegen 1.34/turn    x - ring of fire
MPRegen 0.51/turn

%: rampage
@: lethally poisoned (0 -> -6), strong-willed, regenerating, studying Axes
A: horns 2, retaliatory headbutt
a: Renounce Religion, Berserk, Trog's Hand, Brothers in Arms


You were on level 8 of the Dungeon.
You worshipped Trog.
Trog was extremely pleased with you.
You visited 1 branch of the dungeon, and saw 8 of its levels.

You collected 600 gold pieces.

Inventory:

Hand Weapons
 a - a +0 hand axe
 t - a +0 battleaxe (weapon)
Missiles
 s - a throwing net
Armour
 y - +0 steam dragon scales
 C - the +1 leather armour "Larrihe" (worn) {Rampage}
   (You found it on level 8 of the Dungeon)

   Rampage:   It bestows one free step when moving towards enemies.
Jewellery
 h - an amulet of magic regeneration (around neck)
 m - a +5 ring of evasion (left hand)
 x - a ring of fire (right hand)
Wands
 c - a wand of roots (7)
 p - a wand of paralysis (7)
 r - a wand of digging (3)
 D - a wand of polymorph (14)
Scrolls
 b - a scroll of enchant weapon {unknown}
 e - 3 scrolls of blinking
 f - 3 scrolls of poison
 i - 3 scrolls of teleportation
 j - 3 scrolls of enchant armour
 l - a scroll of noise {unknown}
 n - a scroll of summoning {unknown}
 q - a scroll of immolation {unknown}
 u - a scroll of amnesia {unknown}
 v - 5 scrolls of identify
 A - a scroll of revelation {unknown}
 B - a scroll of fog {unknown}
Potions
 d - 9 potions of curing
 g - 2 potions of heal wounds {unknown}
 k - a potion of might {unknown}
 o - 2 potions of attraction {unknown}
 w - 3 potions of haste {unknown}
 z - a potion of brilliance {unknown}
 E - a potion of degeneration {unknown}


   Skills:
 * Level 10.0 Fighting
 + Level 14.1 Axes
 + Level 6.6 Armour
 + Level 4.7 Dodging


You had 8 spell levels left.
You didn't know any spells.
Your spell library was empty.

Dungeon Overview and Level Annotations

Branches:
Dungeon (8/15)             Temple (0/1) D:4
   Lair: D:8-11

Altars:
Cheibriados
Dithmenos
Fedhas
Nemelex Xobeh
Qazlal
Ru
Sif Muna
Xom
The Shining One

Shops:
D:3 [[*   D:4 :


Innate Abilities, Weirdness & Mutations

You have a pair of horns on your head.
You reflexively headbutt those who attack you in melee.


Message History

You miss the killer bee.
The killer bee is lightly wounded.
You feel sick. The killer bee stings you.
You are more poisoned.
The killer bee poisons you! The killer bee closely misses you.
You barely miss the killer bee.
The killer bee is lightly wounded.
You feel very sick. The killer bee barely misses you. You furiously retaliate!
You headbutt the killer bee! The killer bee barely misses you.
You miss the killer bee. Your headbutt misses the killer bee.
The killer bee is heavily wounded.
You feel very sick. The killer bee stings you! The killer bee misses you.
You furiously retaliate!
You headbutt the killer bee!
You kill the killer bee!
Trog accepts your kill.
Your Fighting skill increases to level 10!
You completely miss the killer bee.
You feel sick. The killer bee barely misses you.
The killer bee closely misses you.
You slash the killer bee! Your headbutt misses the killer bee.
The killer bee is almost dead.
You feel sick. The killer bee stings you!
* * * LOW HITPOINT WARNING * * *
You are more poisoned.
The killer bee poisons you! The killer bee stings you!
* * * LOW HITPOINT WARNING * * *
You are more poisoned.
The killer bee poisons you!
Your skin crawls.
You feel strong-willed.
* * * LOW HITPOINT WARNING * * *
You feel very sick. The killer bee misses you. x2
You barely miss the killer bee. Your headbutt misses the killer bee.
The killer bee is almost dead.
* * * LOW HITPOINT WARNING * * *
You feel very sick. The killer bee stings you.
You die...

........##
##.##
..#######
##.# ###
#.# #.#
#.# #.#
#.## ##.#
#@# #y#
#.y...#
##....#
#...##
#....
#.....
......[
.......


You could see a killer bee.

Vanquished Creatures
  A hornet (D:6)
  A wyvern (D:7)
  A steam dragon (D:6)
  An ice beast (D:7)
  An orc warrior (D:8)
  A black bear (D:7)
  4 ogres
  A gnoll sergeant (D:8)
  4 bullfrogs (D:7)
  6 scorpions
  8 killer bees (D:8)
  3 howler monkeys (D:7)
  2 crimson imps (D:6)
  2 jellies
  4 orc priests
  4 hounds
  5 iguanas
  3 sleepcaps
  A gnoll bouda (D:5)
  5 orc wizards
  20 gnolls
  7 adders
  A shadow imp (D:5)
  3 white imps
  2 ufetubi
  2 worms
  2 dart slugs (D:3)
  20 orcs
  7 endoplasms
  3 giant cockroaches
  31 goblins
  27 hobgoblins
  4 jackals
  4 quokkas
  8 ball pythons
  5 bats
  2 frilled lizards
  10 kobolds
  7 rats
223 creatures vanquished.

Notes
Turn   | Place    | Note
-------+----------+-------------------------------------------
     0 | D:1      | dohliylev the Minotaur Berserker began the quest for the
                  | Orb.
     0 | D:1      | Reached XP level 1. HP: 19/19 MP: 0/0
   321 | D:1      | Reached XP level 2. HP: 12/27 MP: 1/1
   331 | D:1      | Reached skill level 4 in Axes
   933 | D:2      | Reached XP level 3. HP: 33/33 MP: 2/2
   969 | D:2      | Reached ** piety under Trog
  1671 | D:3      | Found a glowing golden altar of the Shining One.
  1744 | D:3      | Reached XP level 4. HP: 41/41 MP: 3/3
  1878 | D:3      | Noticed a scorpion
  1884 | D:3      | Killed a scorpion
  1885 | D:3      | Reached skill level 5 in Fighting
  1885 | D:3      | Reached skill level 5 in Axes
  1909 | D:3      | Found Netupioc's Armour Shoppe.
  1991 | D:3      | Found Iwasug's Antique Armour Emporium.
  2072 | D:3      | Reached XP level 5. HP: 48/48 MP: 4/4
  2143 | D:3      | Found Nuhuff's Assorted Antiques.
  2193 | D:3      | Found a faded altar of an unknown god.
  2624 | D:4      | Found a staircase to the Ecumenical Temple.
  2908 | D:4      | Identified the +2 leather armour "Raixear" {rC+ Dex-3
                  | Slay+2}
  2969 | D:4      | Found Roj Qa Gic's Vocational Training.
  3183 | D:4      | Reached *** piety under Trog
  3241 | D:4      | Reached XP level 6. HP: 52/57 MP: 5/5
  3244 | D:4      | Reached skill level 6 in Axes
  3716 | D:4      | Found a sacrificial altar of Ru.
  3720 | D:4      | Found a snail-covered altar of Cheibriados.
  3722 | D:4      | Found a stormy altar of Qazlal.
  3722 | D:4      | Found a blossoming altar of Fedhas.
  3722 | D:4      | Found a shimmering blue altar of Sif Muna.
  3723 | D:4      | Found a shadowy altar of Dithmenos.
  3727 | D:4      | Found a sparkling altar of Nemelex Xobeh.
  4054 | D:5      | Entered Level 5 of the Dungeon
  4076 | D:5      | Reached XP level 7. HP: 64/64 MP: 6/6
  4160 | D:5      | Reached skill level 7 in Axes
  4350 | D:5      | Reached skill level 5 in Armour
  4445 | D:5      | Reached **** piety under Trog
  5007 | D:6      | Noticed a hornet
  5016 | D:6      | Killed a hornet
  5017 | D:6      | Reached skill level 8 in Axes
  5017 | D:6      | Reached XP level 8. HP: 74/74 MP: 7/7
  5427 | D:6      | Reached skill level 9 in Axes
  5678 | D:6      | Found a shimmering altar of Xom.
  5837 | D:7      | Reached skill level 10 in Axes
  6011 | D:7      | Reached skill level 11 in Axes
  6011 | D:7      | Reached XP level 9. HP: 69/82 MP: 8/8
  6413 | D:7      | Reached skill level 12 in Axes
  6576 | D:8      | Reached skill level 13 in Axes
  6748 | D:8      | Identified the +1 leather armour "Larrihe" {Rampage}
  6925 | D:8      | Reached ***** piety under Trog
  7200 | D:8      | Reached skill level 14 in Axes
  7207 | D:8      | Reached skill level 10 in Fighting
  7209 | D:8      | HP: 4/85 [poisoned by a killer bee]
  7210 | D:8      | HP: 1/85 [poisoned by a killer bee]
  7210 | D:8      | Slain by a killer bee

Illustrated notes

Levels and vault maps discovered:
D:1:      co_arrival_random_square_maze, layout_basic, serial_corexii_hall,
          corexii_hall_statues_x, chequers_hall_statues_y
D:2:      layout_loops_cross, nicolae_kite_square_tiling_tiny,
          roderic_filled_cross, feat_on_display
D:3:      layout_loops_ring, mainiacjoe_overflow_24_doors, serial_shops,
          nicolae_shop_advertising_works [nicolae_subvault_shop_adworks], shop,
          nicolae_shop_peninsula, ebering_ecumenical_altar_petrified,
          nicolae_underground_beach
D:4:      minmay_goblin_kobold_castle, layout_basic, minitemple,
          minmay_temple_entry_tees, nicolae_shop_vocational
D:5:      cheibrodos_iron_armory, layout_rooms, minmay_diced_spiral
D:6:      layout_loops_ring, led_xom_imps, roderic_serpentine_path,
          minmay_manual_moon
D:7:      layout_basic
D:8:      layout_layer_cave, minmay_shop_chei, nicolae_ea-nasir_strikes_again

Skill      XL: |  1  2  3  4  5  6  7  8  9 |
---------------+----------------------------+-----
Axes           | 4 5 6 8 11 14 | 14.1
Fighting       | 4 5 6 7 8 10 | 10.0
Armour         | 3 4 5 6 |  6.6
Dodging        | 3 4 |  4.7

Action                     |  1- 3 |  4- 6 |  7- 9 || total
---------------------------+-------+-------+-------++-------
  Melee: Hand axe          |   113 |   147 |    16 ||   276
         Headbutt          |    10 |    19 |    40 ||    69
         Punch             |     2 |       |       ||     2
         Battleaxe         |       |       |   201 ||   201
 Invoke: Berserk           |       |     4 |     2 ||     6
         Trog's Hand       |       |       |     1 ||     1
    Use: Scroll            |       |     5 |       ||     5
 Armour: Animal skin       |     2 |       |       ||     2
         Chain mail        |    38 |    62 |    32 ||   132
         Ring mail         |     5 |       |       ||     5
         Leather armour    |     1 |       |     7 ||     8
         Steam dragon scal |       |       |    28 ||    28
  Dodge: Dodged            |    55 |   142 |   179 ||   376

Table legend: (Time is in decaauts)
 A = Elapsed time spent in this place.
 B = Non-inter-level travel time spent in this place.
 C = Inter-level travel time spent in this place.
 D = Time resting spent in this place.
 E = Time spent auto-exploring this place.
 F = Levels seen in this place.
 G = Mean time per level.
                   A        B        C        D        E       F      G
               +--------+--------+--------+--------+--------+-----+--------+
         Total |   7324 |   7116 |    208 |    793 |   4964 |   8 |  915.5 |
       Dungeon |   7324 |   7116 |    208 |    793 |   4964 |   8 |  915.5 |
               +--------+--------+--------+--------+--------+-----+--------+

Top non-repeatable levels by time:
     D:4: 1554 daAuts
     D:6: 977 daAuts
     D:3: 909 daAuts
     D:1: 879 daAuts
     D:5: 844 daAuts
     D:2: 755 daAuts
     D:7: 738 daAuts
     D:8: 665 daAuts
